 Dungeon Crawl Stone Soup version 0.29.1-1-gd02db69 (webtiles) character file.

Game seed: 10778934731770392422

315 Timinator the Insei (level 5, 0/41 HPs)
             Began as a Demigod Transmuter on Dec 19, 2022.
             Slain by a gnoll
             ... wielding a +0 flail of holy wrath
             ... led by a gnoll sergeant
              (3 damage)
             ... on level 5 of the Dungeon.
             The game lasted 00:15:24 (5451 turns).

Timinator the Insei (Demigod Transmuter)            Turns: 5451, Time: 00:15:25

Health: 0/41       AC:  7    Str: 11    XL:     5   Next: 99%
Magic:  10/11      EV: 11    Int: 15    God:
Gold:   202        SH:  5    Dex: 18    Spells: 6/8 levels left

rFire   . . .      SeeInvis .     - Unarmed
rCold   . . .      Faith    .   (no shield)
rNeg    . . .      Spirit   .   j - +0 ring mail
rPois   .          Reflect  +   z - +0 helmet
rElec   .          Harm     .   (no cloak)
rCorr   .          Rampage  .   k - +0 pair of gloves
Will    .....                   (no boots)
Stlth   +.........              o - amulet of reflection
HPRegen 0.13/turn               (no ring)
MPRegen 0.12/turn               (no ring)

@: mighty, lethally poisoned (0 -> -11), wereblooded
A: high MP 1, forlorn, divine attributes
a: no special abilities


You were on level 5 of the Dungeon.
You visited 1 branch of the dungeon, and saw 5 of its levels.
You also visited: Sewer.

You collected 202 gold pieces.

Inventory:

Missiles
 c - 4 javelins (quivered)
Armour
 j - a +0 ring mail (worn)
 k - a +0 pair of gloves (worn)
 z - a +0 helmet (worn)
Jewellery
 o - an amulet of reflection (around neck)
 w - a ring of ice
 y - an amulet of the acrobat
Wands
 C - a wand of polymorph (5)
Scrolls
 f - 2 scrolls of magic mapping
 g - a scroll of blinking
 h - a scroll of torment {unknown}
 l - a scroll of noise {unknown}
 n - a scroll of vulnerability {unknown}
 q - a scroll of silence {unknown}
 s - 2 scrolls of fog {unknown}
 v - a scroll of amnesia
 B - a scroll of poison {unknown}
Potions
 b - a potion of lignification
 d - a potion of flight
 e - a potion of might
 i - 2 potions of curing
 m - 3 potions of haste
 p - a potion of attraction
 r - 3 potions of mutation
 t - 4 potions of heal wounds
 u - a potion of magic {unknown}
 x - a potion of brilliance {unknown}


   Skills:
 * Level 2.1 Fighting
 - Level 2.0 Armour
 * Level 2.8 Dodging
 - Level 0.1 Stealth
 * Level 4.0 Unarmed Combat
 + Level 2.4 Spellcasting
 * Level 2.8 Transmutations


You had 6 spell levels left.
You knew the following spells:

 Your Spells              Type           Power      Damage    Failure   Level
a - Wereblood             Tmut           10%        N/A       22%         2

Your spell library contained the following spells:

 Spells                   Type           Power      Damage    Failure   Level
 Beastly Appendage        Tmut           20%        N/A       16%         1
 Blink                    Tloc           2%         N/A       58%         2
 Poisonous Vapours        Pois/Air       2%         N/A       58%         2
 Sublimation of Blood     Necr           1%         N/A       58%         2
 Spider Form              Tmut/Pois      6%         N/A       63%         3
 Ice Form                 Ice/Tmut       6%         N/A       95%         4
 Petrify                  Tmut/Erth      6%         N/A       95%         4
 Corpse Rot               Necr/Pois/Air  1%         N/A       99%         4
 Iskenderun's Mystic Bla  Conj/Tloc      1%         2d3       99%         4
 Irradiate                Conj/Tmut      3%         3d12      100%        5
 Manifold Assault         Tloc           1%         N/A       100%        5
 Chain Lightning          Conj/Air       0%         2d1       100%        9
 Fire Storm               Conj/Fire      0%         6d1       100%        9
 Shatter                  Erth           0%         3d5*      100%        9


Dungeon Overview and Level Annotations

Branches:
Dungeon (5/15)              Sewer (visited)
 Temple: D:4-7


Innate Abilities, Weirdness & Mutations

You have an increased reservoir of magic. (+10% MP)
You shall have no god before yourself.
Your divine heritage dramatically boosts your attributes as you level up.


Message History

[Y]es or [N]o only, please.
Really abort (and waste the scroll)?
Forget Beastly Appendage, freeing 1 spell level for a total of 6?
Your memory of Beastly Appendage unravels.
Adjust (i)tems, (s)pells, or (a)bilities?
Adjust which spell? b - Wereblood Adjust to which letter? a - Wereblood
Casting: Wereblood (safe; 22% risk of failure)
Confirm with . or Enter, or press ? or * to list all spells.
Your blood is infused with primal strength.
You climb downwards.
The gnoll sergeant hits you but does no damage.
The gnoll sergeant hits you from afar with a +1 spear of venom.
You are poisoned.
There is a stone staircase leading up here.
Okay, then.
You feel very mighty all of a sudden.
You feel very sick.
The gnoll sergeant hits you from afar with a +1 spear of venom.
You are more poisoned.
You feel very sick. The gnoll sergeant blocks your attack.
You feel very sick.
You closely miss the gnoll sergeant.
You feel sick.
The gnoll sergeant hits you with a +1 spear of venom!
* * * LOW HITPOINT WARNING * * *
The gnoll barely misses you. The gnoll attacks as you move away!
You block the gnoll's attack.
* * * LOW HITPOINT WARNING * * *
You feel sick. The gnoll sergeant misses you.
There is a stone staircase leading up here.
* * * LOW HITPOINT WARNING * * *
You feel sick.
The gnoll sergeant hits you from afar with a +1 spear of venom.
* * * LOW HITPOINT WARNING * * *
You are more poisoned.
The gnoll hits you with a +0 flail of holy wrath.
You die...

#..##.##.#.......#
#########..##............#
#.....gggg.......#.......#
#...##############.......#
####.g.#### #g......#
#.....g...# #g##.##.#
.....)...g..# #######
#g##....# ###.........#
#.....# #g####(.#
........##.###g@...#
#.####..#
.........##.g.g.....#
#.......#
.........##.###g....#
###....## ####..#..##.#
#.....# #g...# ......)...#
####### #...## #####..##.#
##g## #.# #.# .##.#
###########g# .....
#....gggg...#


You could see a gnoll sergeant and 3 gnolls.

Vanquished Creatures
  A scorpion (D:5)
  A howler monkey (D:4)
  A hound (D:5)
  2 iguanas (D:4)
  5 adders
  A worm (D:4)
  A dart slug (D:1)
  5 orcs
  10 ball pythons
  7 endoplasms
  6 giant cockroaches
  5 goblins
  4 hobgoblins
  2 jackals (D:4)
  2 quokkas
  5 bats
  5 frilled lizards
  17 kobolds
  3 rats
83 creatures vanquished.

Vanquished Creatures (others)
  A fungus (Sewer)
1 creature vanquished.

Grand Total: 84 creatures vanquished

Notes
Turn   | Place    | Note
-------+----------+-------------------------------------------
     0 | D:1      | Timinator the Demigod Transmuter began the quest for the
                  | Orb.
     0 | D:1      | Reached XP level 1. HP: 15/15 MP: 5/5
    82 | D:1      | Reached skill level 1 in Fighting
   279 | D:1      | Reached XP level 2. HP: 18/23 MP: 5/7
   856 | D:1      | Reached skill level 3 in Unarmed Combat
  1307 | D:2      | Reached XP level 3. HP: 28/28 MP: 6/8
  2022 | D:3      | Got the Collected Works on Displacement
  2386 | D:3      | Learned a level 2 spell: Wereblood
  2404 | D:3      | Reached XP level 4. HP: 32/35 MP: 8/10
  2998 | D:4      | Reached skill level 1 in Armour
  3558 | D:4      | Found a glowing drain.
  3563 | Sewer    | Entered a sewer
  4012 | D:4      | Reached XP level 5. HP: 33/41 MP: 11/11
  4406 | D:5      | Entered Level 5 of the Dungeon
  5168 | D:5      | Reached skill level 4 in Unarmed Combat
  5451 | D:5      | Slain by a gnoll

Illustrated notes

Levels and vault maps discovered:
D:1:      amcnicky_arrival_underground_garden, layout_basic,
          columned_hall_lemuel
D:2:      layout_basic, shapermc_ecumenical_altar_pompeii
D:3:      layout_basic
D:4:      layout_gridville, portal_sewer_entry_e
D:5:      layout_loops_cross, minmay_temple_entry_stoned_glass,
          minmay_strange_pillars

Skill      XL: |  1  2  3  4  5 |
---------------+----------------+-----
Fighting       | 1 2 |  2.1
Dodging        | 2 |  2.8
Transmutations | 2 |  2.8
Unarmed Combat | 3 4 |  4.0
Spellcasting   | 2 |  2.4
Armour         | 1 2 |  2.0
Stealth        | |  0.1

Action                   |  1- 3 |  4- 6 || total
-------------------------+-------+-------++-------
Melee: Unarmed           |   112 |   182 ||   294
       Kick              |    20 |    33 ||    53
       Headbutt          |    16 |    23 ||    39
       Punch             |     2 |     1 ||     3
 Cast: Beastly Appendage |    24 |    21 ||    45
       Wereblood         |       |     1 ||     1
  Use: Scroll            |       |    10 ||    10
       Potion            |       |     2 ||     2
 Stab: Sleeping          |     1 |       ||     1
Armor: Robe              |    13 |       ||    13
       Ring mail         |     1 |    66 ||    67
Dodge: Dodged            |    62 |    89 ||   151
Block: Other             |    10 |    50 ||    60
       Reflection        |       |     7 ||     7
